 Dungeon Crawl Stone Soup version 0.17.2 (webtiles) character file.

1565 Goblin1989 the Spear-Bearer (level 8, -2/53 (56) HPs)
             Began as a Demonspawn Skald on July 9, 2016.
             Was an Initiate of Okawaru.
             Slain by an orc wizard
             ... wielding a +0 dagger
              (4 damage)
             ... on level 7 of the Dungeon on July 10, 2016.
             The game lasted 00:20:45 (5007 turns).

Goblin1989 the Spear-Bearer (Demonspawn Skald)      Turns: 5007, Time: 00:20:46

HP:   -2/53 (56)    AC:  8    Str: 15 (16) XL:     8   Next: 59%
MP:   9/9           EV: 15    Int: 11      God:    Okawaru [......]
Gold: 241           SH:  0    Dex: 17      Spells: 4 memorised, 2 levels left

rFire  + . .     SeeInvis .     a - +0 spear
rCold  . . .     Clarity  +     s - +0 ring mail
rNeg   . . .     SustAt   .     (no shield)
rPois  .         Gourm    .     (helmet restricted)
rElec  .         Spirit   .     g - +0 cloak
rCorr  .         Warding  .     E - +0 pair of gloves
rMut   .         Stasis   .     z - +0 pair of boots
MR     .....                    (no amulet)
Stlth  ++........               (no ring)
                                (no ring)

@: agile, flying, not resistant to hostile enchantments, unstealthy
A: horns 1, clarity, dopey 1, fire resistance 1, low mp 1, slow regeneration 1,
spiny 1, evolution 1, flame cloud immunity, subdued magic 1
a: Renounce Religion


You were on level 7 of the Dungeon.
You worshipped Okawaru.
Okawaru was noncommittal.
You were hungry.

You visited 2 branches of the dungeon, and saw 8 of its levels.

You collected 331 gold pieces.
You spent 90 gold pieces at shops.

Inventory:

Hand Weapons
 a - a +0 spear (weapon)
Missiles
 G - 2 throwing nets (quivered)
Armour
 g - a +0 cloak (worn)
 s - a +0 ring mail (worn)
 z - a +0 pair of boots (worn)
 E - a +0 pair of gloves (worn)
 K - a +0 shield
Jewellery
 w - an uncursed ring of wizardry {unknown}
 x - an uncursed ring of flight {unknown}
 y - a cursed ring of loudness {unknown}
Wands
 F - a wand of confusion (10)
 H - a wand of magic darts (30)
Scrolls
 b - 2 scrolls of enchant weapon {unknown}
 e - 2 scrolls of amnesia {unknown}
 i - 5 scrolls of identify {unknown}
 m - 2 scrolls of magic mapping {unknown}
 n - 2 scrolls of fear {unknown}
 q - 3 scrolls of teleportation {unknown}
 t - 2 scrolls of immolation {unknown}
 v - a scroll of blinking {unknown}
 A - a scroll of fog {unknown}
 B - a scroll of remove curse {unknown}
 C - a scroll of noise {unknown}
Potions
 h - 3 potions of agility
 j - 3 potions of curing
 k - 2 potions of mutation
 l - a potion of flight
Books
 c - a book of Battle

   Spells                             Type                      Level
   a - Infusion                       Charms                       1
   b - Shroud of Golubria             Charms/Translocation         2
   c - Song of Slaying                Charms                       2
   d - Spectral Weapon                Hexes/Charms                 3
   e - Regeneration                   Charms/Necromancy            3
 p - a book of Enchantments

   Spells                             Type                      Level
   a - Cause Fear                     Hexes                        4
   b - Silence                        Hexes/Air                    5
   c - Deflect Missiles               Charms/Air                   6
   d - Haste                          Charms                       6
   e - Discord                        Hexes                        8
 D - a book of Geomancy

   Spells                             Type                      Level
   a - Sandblast                      Earth                        1
   b - Stoneskin                      Transmutation/Earth          2
   c - Passwall                       Transmutation/Earth          3
   d - Stone Arrow                    Conjuration/Earth            3
   e - Petrify                        Transmutation/Earth          4
   f - Lee's Rapid Deconstruction     Earth                        5
Comestibles
 d - 6 bread rations
 f - 2 slices of pizza
 o - 5 fruits
 u - a beef jerky
 I - a royal jelly
 J - 5 meat rations


   Skills:
 - Level 2.0 Fighting
 * Level 8.6 Polearms
 - Level 0.8 Armour
 - Level 0.8 Dodging
 - Level 2.0 Spellcasting
 + Level 0.4 Hexes
 - Level 5.8 Charms
 + Level 0.4 Necromancy


You had 2 spell levels left.
You knew the following spells:

 Your Spells              Type           Power        Failure   Level  Hunger
a - Infusion              Chrm           #.....       3%          1    ##.....
b - Song of Slaying       Chrm           #.......     4%          2    ###....
c - Spectral Weapon       Hex/Chrm       #.......     36%         3    ####...
d - Regeneration          Chrm/Necr      #.........   36%         3    ####...


Dungeon Overview and Level Annotations

Branches:
Dungeon (7/15)             Temple (1/1) D:6

Altars:
Dithmenos
Elyvilon
Fedhas
Makhleb
Okawaru
Qazlal
Ru
Trog
Vehumet
Xom
Zin

Annotations:
D:4 Grinder, Pikel


Innate Abilities, Weirdness & Mutations

You have a pair of small horns on your head.
Your flesh is heat resistant.
You are partially covered in sharp spines.
You are immune to clouds of flame.
You possess an exceptional clarity of mind.
You are dopey. (Int -2)
Your magical capacity is low (-10% MP).
You regenerate slowly when monsters are visible.
You evolve.
Your spells are a little easier to cast, but a little less powerful.


Message History

Okay, then.
Drink which item? (? for menu, Esc to quit)
It was a potion of flight.
You feel very buoyant.
You fly up into the air.
You hear some strange, mumbled words.
A magic dart appears from out of thin air!
The magic dart hits you!
* * * LOW HITPOINT WARNING * * *
Something hits you.
* * * LOW HITPOINT WARNING * * *
You take 10 damage, and have 2/53 hp.
Drink which item? (? for menu, Esc to quit)
It was a potion of magic.
Magic courses through your body. Something hits you but does no damage.
Drink which item? (? for menu, Esc to quit)
It was a potion of agility.
You feel agile all of a sudden. Something hits you.
You die...

.....#.# #.#......#
....<#.####.#.##.###
............# #.#
............# #.#
............# #.#
............# #.#
.#..........# #.#
.##########.# #.#
#.# #@# .# #{#######
#co.....#
#...o.......
.....########.# .#..
##


You could see a centaur, an orc priest and an orc.

Vanquished Creatures
  The ghost of Goblin1989 the Poker, a novice DsFi of Gozag (D:6)
  A phantom (D:5)
  A sky beast (D:6)
  A black bear (D:3)
  An ice beast (D:6)
  An ogre (D:6)
  2 necrophages
  A centaur (D:5)
  A giant frog (D:6)
  A scorpion (D:5)
  A killer bee (D:7)
  3 hounds
  A jelly (D:5)
  An orc priest (D:3)
  An orc wizard (D:4)
  4 worker ants
  A hound zombie (D:7)
  A worker ant zombie (D:6)
  4 adders
  A shadow imp (D:5)
  An adder zombie (D:5)
  3 oozes
  5 worms
  4 giant geckos
  16 orcs
  3 bats
  4 giant cockroaches
  7 hobgoblins
  12 jackals
  8 kobolds
  3 quokkas
  7 giant newts
  19 goblins
  8 rats
129 creatures vanquished.

Vanquished Creatures (others)
  A quokka (D:5)
1 creature vanquished.

Grand Total: 130 creatures vanquished

Notes
Turn   | Place    | Note
--------------------------------------------------------------
     0 | D:1      | Goblin1989 the Demonspawn Skald began the quest for the Orb.
     0 | D:1      | Reached XP level 1. HP: 16/16 MP: 3/3
   184 | D:1      | Gained mutation: You are partially covered in sharp spines. [demonic ancestry]
   184 | D:1      | Reached XP level 2. HP: 16/22 MP: 5/5
   188 | D:1      | Learned a level 2 spell: Song of Slaying
   698 | D:2      | Reached skill level 3 in Polearms
   722 | D:2      | Gained mutation: Your flesh is heat resistant. [demonic ancestry]
   722 | D:2      | Reached XP level 3. HP: 24/27 MP: 6/6
  1100 | D:2      | Reached XP level 4. HP: 12/33 MP: 7/7
  1382 | D:2      | Reached skill level 4 in Polearms
  1402 | D:2      | Learned a level 3 spell: Spectral Weapon
  1633 | D:3      | Noticed a black bear
  1642 | D:3      | Killed a black bear
  1642 | D:3      | Reached XP level 5. HP: 23/38 MP: 8/8
  1869 | D:3      | Reached skill level 5 in Polearms
  2427 | D:4      | Gained mutation: You have a pair of small horns on your head. [demonic ancestry]
  2427 | D:4      | Reached XP level 6. HP: 41/44 MP: 9/9
  2545 | D:4      | Noticed a slave
  2546 | D:4      | Noticed Pikel
  2548 | D:4      | Noticed a slave
  2550 | D:4      | Noticed a slave
  2574 | D:4      | Noticed Grinder
  2575 | D:4      | Paralysed by Grinder for 3 turns
  2688 | D:5      | Entered Level 5 of the Dungeon
  2737 | D:5      | Reached skill level 6 in Polearms
  2904 | D:5      | Reached XP level 7. HP: 48/50 MP: 10/10
  3077 | D:5      | Learned a level 3 spell: Regeneration
  3085 | D:5      | Found a white marble altar of Elyvilon.
  3299 | D:5      | Found Zin's Purification Station.
  3303 | D:5      | Found a glowing silver altar of Zin.
  3308 | D:5      | Bought a potion of curing for 90 gold pieces
  3490 | D:5      | Got a translucent long sword
  3491 | D:5      | Identified the +8 long sword of Abutota {flame, Int+2} (You found it on level 5 of the Dungeon)
  3652 | D:4      | Noticed a slave
  3738 | D:6      | Reached skill level 7 in Polearms
  3742 | D:6      | Gained mutation: Your spells are a little easier to cast, but a little less powerful. [mutagenic meat]
  3743 | D:6      | Gained mutation: You evolve. [mutagenic meat]
  3744 | D:6      | Gained mutation: You regenerate slowly when monsters are visible. [mutagenic meat]
  3746 | D:6      | Gained mutation: You are dopey. (Int -2) [mutagenic meat]
  3749 | D:6      | Noticed Goblin1989's ghost (novice DsFi)
  3767 | D:6      | Gained mutation: You possess an exceptional clarity of mind. [potion of mutation]
  3767 | D:6      | Gained mutation: Your magical capacity is low (-10% MP). [potion of mutation]
  3787 | D:6      | Killed Goblin1989's ghost
  3787 | D:6      | Reached skill level 5 in Charms
  3787 | D:6      | Gained mutation: You are immune to clouds of flame. [demonic ancestry]
  3787 | D:6      | Reached XP level 8. HP: 54/54 MP: 5/9
  4089 | D:6      | Reached skill level 8 in Polearms
  4327 | D:6      | Found a staircase to the Ecumenical Temple.
  4378 | Temple   | Entered the Ecumenical Temple
  4394 | Temple   | Became a worshipper of Warmaster Okawaru
  5005 | D:7      | HP: 2/53 [something (1)]
  5007 | D:7      | Slain by an orc wizard

Action                   |  1- 3 |  4- 6 |  7- 9 || total
-------------------------+-------+-------+-------++-------
Melee: Spear             |   100 |   182 |   130 ||   412
       Long sword        |       |       |     3 ||     3
 Cast: Infusion          |       |     1 |    10 ||    11
       Song of Slaying   |       |       |     1 ||     1
 Abil: Stop Singing      |       |       |     1 ||     1
  Use: Potion            |       |       |     7 ||     7
  Eat: Chunk             |       |     6 |    10 ||    16
       Fruit             |       |       |     2 ||     2
